 Dungeon Crawl Stone Soup version 0.31-a0-233-g139696dc86 (webtiles) character file.

Game seed: 8250892894026545856

63 qw the Shooter (level 3, 0/30 HPs)
             Began as a Minotaur Hexslinger on July 7, 2023.
             Succumbed to an adder's poison
             ... on level 2 of the Dungeon.
             The game lasted 00:00:30 (1000 turns).

qw the Shooter (Minotaur Hexslinger)                Turns: 1000, Time: 00:00:30

Health: 0/30       AC:  5    Str: 12    XL:     3   Next: 89%
Magic:  3/3        EV: 11    Int: 10    God:
Gold:   91         SH:  0    Dex: 14    Spells: 3/4 levels left

rFire   . . .        Y - +1 sling
rCold   . . .        (no shield)
rNeg    . . .        i - +0 ring mail
rPois   .            (helmet restricted)
rElec   .            (no cloak)
rCorr   .            (no gloves)
SInv    +            (no boots)
Will    .....        (no amulet)
Stlth   +            k - ring of see invisible
HPRegen 0.25/turn    (no ring)
MPRegen 0.08/turn

%: no passive effects
@: lethally poisoned (0 -> -2)
A: horns 2, retaliatory headbutt
a: no special abilities


You were on level 2 of the Dungeon.
You visited 1 branch of the dungeon, and saw 2 of its levels.

You collected 91 gold pieces.


Innate Abilities, Weirdness & Mutations

You have a pair of horns on your head.
You reflexively headbutt those who attack you in melee.


   Skills:
 - Level 2.3 Fighting
 + Level 4.0 Ranged Weapons
 - Level 1.3 Armour
 - Level 2.1 Dodging
 - Level 1.0 Spellcasting
 - Level 2.0 Hexes


You had 3 spell levels left.
You knew the following spells:

 Your Spells              Type           Power      Damage    Failure   Level
a - Slow                  Hex            16%        N/A       32%         1

Your spell library contained the following spells:

 Spells                   Type           Power      Damage    Failure   Level
 Inner Flame              Hex/Fire       2%         N/A       83%         3
 Portal Projectile        Hex/Tloc       4%         N/A       83%         3
 Cause Fear               Hex            2%         N/A       97%         4

Inventory:

Hand Weapons
 Y - a +1 sling (weapon)
Armour
 c - a +0 pair of gloves
 f - a +1 hat
 i - a +0 ring mail (worn)
Jewellery
 k - a ring of see invisible (left hand)
Scrolls
 e - a scroll of identify {unknown}
Potions
 b - a potion of attraction {unknown}
 d - 2 potions of haste {unknown}
 j - a potion of curing {unknown}

Dungeon Overview and Level Annotations

Branches:
Dungeon (2/15)

Altars:

Shops:
D:1 =:   D:2 =


Message History

You shoot a sling bullet. The sling bullet hits the adder.
The adder is lightly wounded.
The adder closely misses you.
You shoot a sling bullet. The sling bullet hits the adder.
The adder is moderately wounded.
The adder bites you but does no damage. x2
You shoot a sling bullet. The sling bullet misses the adder.
The adder closely misses you. The adder bites you.
You shoot a sling bullet.
The sling bullet barely misses the adder.
The adder bites you.
You are poisoned.
The adder poisons you!
You shoot a sling bullet.
The sling bullet barely misses the adder.
You feel sick. The adder closely misses you. x2
You shoot a sling bullet. The sling bullet misses the adder.
You feel sick. The adder bites you but does no damage. The adder bites you.
You are lethally poisoned!
The adder poisons you!
995 ||| READING scroll of teleportation.
As you read the scroll of teleportation, it crumbles to dust.
You feel strangely unstable.
You feel sick. The adder bites you but does no damage.
You shoot a sling bullet. The sling bullet misses the adder.
You feel sick. The adder completely misses you. You furiously retaliate!
You headbutt the adder. The adder closely misses you.
You shoot a sling bullet. The sling bullet hits the adder.
The adder is almost dead.
You feel sick.
The adder barely misses you. x2; You furiously retaliate!
You headbutt the adder!
You kill the adder!
Your Armour skill increases to level 1!
There is a lethal amount of poison in your body!
Your surroundings suddenly seem different.
You feel sick.
There is a lethal amount of poison in your body!
You feel sick.
There is a lethal amount of poison in your body!
You die...

#...# #.......#.. #...#
#.......##. #...#
#.......### ###...######
######### # #..........#
#........(.#####
#..............#
###########
#....^.........#
#.........#
###...........@#
#.........# ####..%......#
#.........# #.........#
#.........# # #.........#
#.........#### #.........#
#.............
#.........#####.....####..
#.........##<.##...##.>#..
#.........##%..#...#...###
#.........###.)#...#..####


There were no monsters in sight!

Vanquished Creatures
  An adder (D:2)
  A gnoll (D:1)
  A worm (D:2)
  A dart slug (D:2)
  5 ball pythons
  A bat (D:1)
  3 endoplasms
  3 giant cockroaches
  3 goblins
  4 hobgoblins
  4 jackals (D:2)
  2 kobolds (D:1)
  A quokka (D:1)
  A frilled lizard (D:1)
  2 rats (D:1)
33 creatures vanquished.

Notes
Turn   | Place    | Note
-------+----------+-------------------------------------------
     0 | D:1      | qw the Minotaur Hexslinger began the quest for the Orb.
     0 | D:1      | Reached XP level 1. HP: 16/16 MP: 1/1
     0 | D:1      | 0 ||| qw: Version: 0.3-a-46-gb1f654a
     0 | D:1      | 0 ||| qw: Game counter: 3311
     0 | D:1      | 0 ||| qw: Melee chars always use a shield: true
     0 | D:1      | 0 ||| qw: God list: Okawaru
     0 | D:1      | 0 ||| qw: Allow faded altars: false
     0 | D:1      | 0 ||| qw: Do Orc after clearing Dungeon:15 true
     0 | D:1      | 0 ||| qw: Do second Lair branch before Depths: true
     0 | D:1      | 0 ||| qw: Lair rune preference: random
     0 | D:1      | 0 ||| qw: Goals: Normal
     0 | D:1      | 0 ||| PLANNING D:1-11
    34 | D:1      | Found Tuolusoe's Book Boutique.
    95 | D:1      | Found Gecue's Jewellery Shop.
   100 | D:1      | 100 ||| SHOPLISTING amulet of reflection (300 gold, have
                  | 31).
   100 | D:1      | 100 ||| SHOPLISTING ring "Fehip" {Fly rPois rC++ Str+6
                  | Int+3} (731 gold, have 31).
   100 | D:1      | 100 ||| SHOPLISTING ring of protection from cold (250 gold,
                  | have 31).
   100 | D:1      | 100 ||| SHOPLISTING ring of willpower (250 gold, have 31).
   128 | D:1      | Reached skill level 3 in Ranged Weapons
   135 | D:1      | Reached XP level 2. HP: 23/23 MP: 2/2
   475 | D:1      | Found a faded altar of an unknown god.
   506 | D:1      | 506 ||| UPGRADING to +0 leather armour.
   516 | D:1      | 516 ||| DROPPING +0 robe.
   517 | D:1      | 517 ||| UPGRADING to +0 ring mail.
   527 | D:1      | 527 ||| DROPPING +0 leather armour.
   528 | D:1      | 528 ||| DROPPING ring of wizardry.
   529 | D:1      | 529 ||| UPGRADING to ring of see invisible.
   530 | D:1      | 530 ||| READING 2 scrolls labelled VOBIEKHAJI.
   533 | D:1      | 533 ||| READING scroll labelled MATYIKHU RAVUT.
   534 | D:1      | 534 ||| DROPPING scroll of poison.
   553 | D:2      | Reached XP level 3. HP: 11/30 MP: 3/3
   553 | D:2      | 553 ||| STAIRDANCE
   772 | D:2      | Found Zieran's Jewellery Boutique.
   777 | D:2      | 777 ||| SHOPLISTING amulet "Ewoel" {rF++ Will- Regen+
                  | Int+5} (790 gold, have 82).
   777 | D:2      | 777 ||| SHOPLISTING amulet "Rudacs" {Acrobat rC+} (572
                  | gold, have 82).
   777 | D:2      | 777 ||| SHOPLISTING amulet of reflection (390 gold, have
                  | 82).
   777 | D:2      | 777 ||| SHOPLISTING ring of protection from cold (325 gold,
                  | have 82).
   923 | D:2      | Reached skill level 4 in Ranged Weapons
   994 | D:2      | HP: 6/30 [adder (2)]
   995 | D:2      | 995 ||| READING scroll of teleportation.
   997 | D:2      | HP: 2/30 [poisoned by an adder]
   998 | D:2      | Reached skill level 1 in Armour
  1000 | D:2      | Succumbed to an adder's poison

Levels and vault maps discovered:
D:1:      scummos_arrival_forest, layout_rooms,
          shapermc_ecumenical_altar_acropolis, serial_shops, shop,
          nicolae_shop_tiny_statue_garden, chequers_serial_rivers_small_b
D:2:      layout_basic, serial_shops, shop, grunt_ministairs_6

Skill      XL: |  1  2  3 |
---------------+----------+-----
Ranged Weapons | 3 4 |  4.0
Fighting       | 2 |  2.3
Armour         | 1 |  1.3
Dodging        | |  2.1
Spellcasting   | |  1.0
Hexes          | |  2.0

Action                     || total
---------------------------++-------
   Fire: Sling             ||   113
    Use: Scroll            ||     3
 Armour: Ring mail         ||    45
         Robe              ||     1
  Dodge: Dodged            ||    50

Table legend:
 A = Non-vault XP
 B = Vault XP
 C = Vault XP percentage of total XP
 D = Non-vault monster count
 E = Vault monster count
 F = Vault count percentage of total count
                 A         B        C        D         E       F
            +---------+---------+-------+---------+---------+-------
      Total |      87 |       4 |   4.4 |      31 |       2 |   6.1
            +---------+---------+-------+---------+---------+-------
        D:1 |      41 |       2 |   4.7 |      16 |       1 |   5.9
        D:2 |      46 |       2 |   4.2 |      15 |       1 |   6.2
            +---------+---------+-------+---------+---------+-------
